 Dungeon Crawl Stone Soup version 0.29.0-4-gdea44cf6ec (webtiles) character file.

Game seed: 5946243654643796819

28821 qw the Brawler (level 13, -6/122 (127) HPs)
             Began as a Troll Cinder Acolyte on Sept 1, 2022.
             Was a Priest of Okawaru.
             Mangled by a four-headed hydra (10 damage)
             ... on level 4 of the Lair of Beasts.
             The game lasted 00:06:33 (11687 turns).

qw the Brawler (Troll Cinder Acolyte)              Turns: 11687, Time: 00:06:33

HP:   -6/122 (127)  AC: 14    Str: 29    XL:     13   Next: 11%
MP:   13/15         EV: 10    Int: 10    God:    Okawaru [***...]
Gold: 727           SH:  0    Dex:  5    Spells: 14/14 levels left

rFire   . . .      SeeInvis .     - Unarmed
rCold   . . .      Faith    .   (no shield)
rNeg    + . .      Spirit   .   d - +0 swamp dragon scales
rPois   +          Reflect  .   (helmet restricted)
rElec   .          Harm     .   e - +1 cloak
rCorr   .          Rampage  .   (gloves unavailable)
Will    .....                   (boots unavailable)
Stlth   ++........              p - amulet of the acrobat
HPRegen 1.10/turn               a - ring of positive energy
MPRegen 0.14/turn               (no ring)

@: lethally poisoned (-6 -> -6), heroic, lightly drained, fire susceptible
A: large, unfitting armour, claws 3, regeneration 1, shaggy fur 1, tough skin 1
a: Renounce Religion, Heroism


You were on level 4 of the Lair of Beasts.
You worshipped Okawaru.
Okawaru was most pleased with you.
You visited 2 branches of the dungeon, and saw 13 of its levels.

You collected 863 gold pieces.
You spent 136 gold pieces at shops.


Innate Abilities, Weirdness & Mutations

You are too large for most types of armour.
You have claws for hands.
Your natural rate of healing is unusually fast.
You are covered in fur. (AC +1)
You have tough skin. (AC +1)


   Skills:
 - Level 8.0(13.0) Fighting
 - Level 6.1(11.1) Throwing
 + Level 3.9(8.9) Armour
 - Level 2.1(7.1) Dodging
 - Level 18.0(23.0) Unarmed Combat
 - Level 1.0 Spellcasting
 - Level 2.1 Fire Magic
 - Level 4.0 Invocations


You had 14 spell levels left.
You didn't know any spells.
Your spell library contained the following spells:

 Spells                   Type           Power      Damage    Failure   Level
 Scorch                   Fire           8%         2d5       28%         2

Inventory:

Missiles
 j - 3 javelins
 l - 3 silver javelins (quivered)
Armour
 d - +0 swamp dragon scales (worn)
 e - a +1 cloak (worn)
Jewellery
 a - a ring of positive energy (left claw)
 p - an amulet of the acrobat (around neck)
Scrolls
 c - 6 scrolls of identify
 g - a scroll of enchant weapon
Potions
 b - 5 potions of curing
 f - 4 potions of might
 h - a potion of resistance
 i - a potion of heal wounds
 k - 2 potions of haste
 o - a potion of mutation

Dungeon Overview and Level Annotations

Branches:
Dungeon (8/15)             Temple (0/1) D:4            Lair (5/5) D:8
  Swamp (0/4) Lair:3       Spider (0/4) Lair:2
  Slime: Lair:4-5

Altars:
Ashenzari
Hepliaklqana
Makhleb
Okawaru
Trog
Vehumet
Wu Jian
Yredelemnul

Shops:
D:1 =   D:2 [   D:4 =(   D:5 *   D:7 :

Annotations:
D:7 1 runed translucent door


Message History

You see here a yak corpse.
There is a stone staircase leading down here.
You climb downwards.
The water moccasin hisses angrily.
The hell rat roars deafeningly!
The water moccasin bites you.
You are poisoned.
The water moccasin poisons you!
The hell rat bites you but does no damage.
The four-headed hydra bites you.
The four-headed hydra barely misses you.
The four-headed hydra bites you! The four-headed hydra bites you.
The yak gores you! The hell rat bites you! You partially resist.
You feel drained. The four-headed hydra bites you! x2
The four-headed hydra bites you.
The four-headed hydra bites you but does no damage.
The hell rat bites you but does no damage.
The water moccasin bites you but does no damage.
The hell rat bites you but does no damage.
The yak gores you but does no damage.
There is a stone staircase leading up, spattered with blood here.
11685 ||| STAIRDANCE You feel sick.
The hell rat roars deafeningly!
The water moccasin bites you but does no damage.
The hell rat barely misses you. The hell rat closely misses you.
The four-headed hydra bites you but does no damage. x2
The four-headed hydra bites you! x2; The yak gores you but does no damage.
You climb upwards.
You feel very sick.
There is a stone staircase leading down here.
11687 ||| INVOKING Heroism.
You gain the combat prowess of a mighty hero.
You feel sick. The water moccasin bites you.
The hell rat bites you but does no damage.
The hell rat bites you! You partially resist.
You feel drained. The yak gores you! The four-headed hydra bites you!
The four-headed hydra closely misses you.
The four-headed hydra bites you but does no damage.
The four-headed hydra bites you!
You die...

### ####.#
#P..## ######
### ##%%.#
#.##P#
#.####....#
##.#..
##......DS##
#....
#.......@Y###
###...P
##<#.##r.r..#
##......
#..#####....##
#....... ##.#
##%%..#
#P#.#... ##.##
##..P# ######..
#...# ##.## #..
##..### ###..#
#.. #.....#
#.#.## ##.
##P..#####..###
#.


You could see a four-headed hydra, a yak, a water moccasin and 2 hell rats.

Vanquished Creatures
  Fannar (Lair:3)
  6 hydras
  A catoblepas (Lair:4)
  A two-headed ogre (D:7)
  Amaemon (Lair:1)
  Pikel (D:3)
  An oklob plant (Lair:4)
  8 elephants (Lair:4)
  Maggie (D:6)
  8 cane toads
  An orange demon (Lair:1)
  Psyche (D:7)
  A rime drake (Lair:3)
  3 komodo dragons
  A hornet (D:7)
  2 polar bears (Lair:4)
  A tyrant leech (Lair:3)
  7 blink frogs (Lair:3)
  4 jumping spiders (Lair:2)
  2 wyverns (Lair:3)
  29 yaks
  2 wraiths
  4 fire elementals (Lair:4)
  A redback (Lair:2)
  3 steam dragons
  3 vampire mosquitoes (D:6)
  A basilisk (Lair:4)
  Grum (Lair:1)
  2 swamp worms (Lair:3)
  12 water moccasins
  2 ice beasts
  2 sky beasts (D:8)
  An orc warrior (D:7)
  4 black bears
  14 wolves (Lair:1)
  2 ogres
  2 centaurs
  4 lemures (D:3)
  3 phantoms
  2 kobold brigands
  8 bullfrogs
  A necrophage (D:7)
  7 scorpions
  9 wights
  6 howler monkeys
  2 electric eels
  2 orc priests (D:5)
  4 hounds
  A gnoll bouda (D:5)
  2 jellies
  Natasha (D:2)
  4 iguanas
  7 orc wizards
  A hell rat (Lair:4)
  3 gnolls (D:5)
  12 adders
  2 river rats (D:3)
  A shadow imp (D:5)
  3 worms
  17 orcs
  12 ball pythons
  9 bats
  6 endoplasms
  4 giant cockroaches
  7 goblins
  3 hobgoblins
  4 jackals (D:3)
  3 quokkas
  4 frilled lizards
  17 kobolds
  6 rats
314 creatures vanquished.

Vanquished Creatures (others)
  52 fungi
  57 plants
109 creatures vanquished.

Grand Total: 423 creatures vanquished

Notes
Turn   | Place    | Note
-------+----------+-------------------------------------------
     0 | D:1      | qw the Troll Cinder Acolyte began the quest for the Orb.
     0 | D:1      | Reached XP level 1. HP: 22/22 MP: 1/1
     0 | D:1      | 0 ||| qw: Version: 0.1-a-97-g2dd2ca4
     0 | D:1      | 0 ||| qw: Game counter: 4793
     0 | D:1      | 0 ||| qw: Always use a shield: true
     0 | D:1      | 0 ||| qw: God list: Okawaru
     0 | D:1      | 0 ||| qw: Allow faded altars: false
     0 | D:1      | 0 ||| qw: Do Orc after D:15 true
     0 | D:1      | 0 ||| qw: Do second Lair branch before Depths: true
     0 | D:1      | 0 ||| qw: Lair rune preference: random
     0 | D:1      | 0 ||| qw: Plans: Normal
     0 | D:1      | 0 ||| PLANNING D:1-11
   210 | D:1      | Found a faded altar of an unknown god.
   237 | D:1      | Reached XP level 2. HP: 29/29 MP: 2/2
   337 | D:1      | Found Palior's Jewellery Boutique.
   350 | D:1      | 350 ||| SHOPLISTING amulet of reflection (330 gold, have
                  | 0).
   350 | D:1      | 350 ||| SHOPLISTING ring "Zuugoixt" {Dex+6 Stlth+} (503
                  | gold, have 0).
   350 | D:1      | 350 ||| SHOPLISTING ring of protection from cold (275 gold,
                  | have 0).
   350 | D:1      | 350 ||| SHOPLISTING ring of resist corrosion (220 gold,
                  | have 0).
   553 | D:1      | 553 ||| Stepping ~*~*~tactically~*~*~ (stealth).
   559 | D:1      | Reached skill level 4 in Unarmed Combat
   587 | D:1      | 587 ||| READING scroll labelled ITHAEK ULLERA.
   588 | D:1      | 588 ||| READING 3 scrolls labelled LEQAUR SOCVUUMY.
   589 | D:1      | 589 ||| READING scroll labelled APLUSU FOLAR.
   590 | D:1      | 590 ||| READING scroll labelled VITEMAEKYT.
   591 | D:1      | 591 ||| DROPPING 2 scrolls of noise.
   679 | D:2      | 679 ||| Stepping ~*~*~tactically~*~*~ (stealth).
   846 | D:2      | Found Uhej's Armour Emporium.
   849 | D:2      | Noticed Natasha
   850 | D:2      | 850 ||| Stepping ~*~*~tactically~*~*~ (hiding).
   857 | D:2      | Killed Natasha
   858 | D:2      | Reached XP level 3. HP: 27/36 MP: 3/3
  1383 | D:2      | 1383 ||| UPGRADING to +0 cloak.
  1388 | D:2      | 1388 ||| DROPPING amulet of magic regeneration.
  1389 | D:2      | 1389 ||| READING scroll labelled NOUTOH GEWNOOH.
  1393 | D:2      | 1393 ||| READING scroll labelled VUSYNO YLORILL.
  1424 | D:3      | 1424 ||| PLANNING SEWER
  1569 | D:3      | 1569 ||| READING scroll of enchant armour.
  1569 | D:3      | 1569 ||| ENCHANTING +0 cloak.
  1586 | D:3      | Reached XP level 4. HP: 44/44 MP: 4/4
  1593 | D:3      | Reached skill level 5 in Unarmed Combat
  1630 | D:3      | 1630 ||| Stepping ~*~*~tactically~*~*~ (hiding).
  1798 | D:3      | Noticed an ice beast
  1809 | D:3      | 1809 ||| INVOKING Fiery Armour.
  1812 | D:3      | Killed an ice beast
  1813 | D:3      | Reached skill level 6 in Unarmed Combat
  1813 | D:3      | Reached XP level 5. HP: 21/50 MP: 5/5
  1813 | D:3      | 1813 ||| FLEEEEING.
  1814 | D:3      | 1814 ||| FLEEEEING.
  1815 | D:3      | 1815 ||| FLEEEEING.
  1816 | D:3      | 1816 ||| FLEEEEING.
  1818 | D:3      | 1818 ||| FLEEEEING.
  1820 | D:3      | 1820 ||| FLEEEEING.
  1821 | D:3      | 1821 ||| FLEEEEING.
  1822 | D:3      | 1822 ||| FLEEEEING.
  1823 | D:3      | 1823 ||| FLEEEEING.
  1824 | D:3      | 1824 ||| FLEEEEING.
  1825 | D:3      | 1825 ||| FLEEEEING.
  1826 | D:3      | 1826 ||| FLEEEEING.
  1827 | D:3      | 1827 ||| FLEEEEING.
  1828 | D:3      | 1828 ||| FLEEEEING.
  1829 | D:3      | 1829 ||| FLEEEEING.
  1830 | D:3      | 1830 ||| FLEEEEING.
  1831 | D:3      | 1831 ||| FLEEEEING.
  1832 | D:3      | 1832 ||| FLEEEEING.
  1833 | D:3      | 1833 ||| FLEEEEING.
  1834 | D:3      | 1834 ||| FLEEEEING.
  1835 | D:3      | 1835 ||| FLEEEEING.
  1836 | D:3      | 1836 ||| FLEEEEING.
  1837 | D:3      | 1837 ||| FLEEEEING.
  1838 | D:3      | 1838 ||| FLEEEEING.
  2124 | D:3      | 2124 ||| Stepping ~*~*~tactically~*~*~ (stealth).
  2126 | D:3      | 2126 ||| Stepping ~*~*~tactically~*~*~ (stealth).
  2132 | D:3      | 2132 ||| Stepping ~*~*~tactically~*~*~ (stealth).
  2133 | D:3      | 2133 ||| RIP SEWER
  2134 | D:3      | 2134 ||| PLANNING D:1-11
  2166 | D:3      | 2166 ||| READING scroll labelled UROXOS FUAGIRGH.
  2214 | D:4      | Noticed Pikel
  2214 | D:4      | Noticed a lemure
  2214 | D:4      | Noticed a lemure
  2214 | D:4      | Noticed a lemure
  2214 | D:4      | Noticed a lemure
  2215 | D:4      | 2215 ||| INVOKING Fiery Armour.
  2216 | D:4      | 2216 ||| STAIRDANCE
  2221 | D:3      | Killed a lemure
  2224 | D:4      | 2224 ||| STAIRDANCE
  2229 | D:3      | Killed a lemure
  2230 | D:3      | 2230 ||| Stepping ~*~*~tactically~*~*~ (outnumbered).
  2231 | D:3      | 2231 ||| Stepping ~*~*~tactically~*~*~ (outnumbered).
  2232 | D:3      | 2232 ||| Stepping ~*~*~tactically~*~*~ (outnumbered).
  2233 | D:3      | 2233 ||| Stepping ~*~*~tactically~*~*~ (outnumbered).
  2237 | D:3      | 2237 ||| Stepping ~*~*~tactically~*~*~ (outnumbered).
  2238 | D:3      | 2238 ||| Stepping ~*~*~tactically~*~*~ (outnumbered).
  2239 | D:3      | 2239 ||| Stepping ~*~*~tactically~*~*~ (outnumbered).
  2240 | D:3      | 2240 ||| Stepping ~*~*~tactically~*~*~ (outnumbered).
  2240 | D:3      | Killed a lemure
  2241 | D:3      | Killed a lemure
  2243 | D:3      | Killed Pikel
  2244 | D:3      | Reached skill level 8 in Unarmed Combat
  2244 | D:3      | Reached XP level 6. HP: 22/59 MP: 6/6
  2244 | D:3      | Reached XP level 7. HP: 25/66 MP: 7/7
  2309 | D:4      | Found Jucworic's Antique Weapon Shoppe.
  2357 | D:4      | Identified the +1 pair of boots of Obuedoen {-Cast +Inv
                  | rCorr}
  2361 | D:4      | Found a staircase to the Ecumenical Temple.
  2439 | D:4      | Found Kohuu's Jewellery Shoppe.
  2448 | D:4      | 2448 ||| SHOPLISTING +4 ring of protection (360 gold, have
                  | 133).
  2448 | D:4      | 2448 ||| SHOPLISTING +4 ring of slaying (780 gold, have
                  | 133).
  2448 | D:4      | 2448 ||| SHOPLISTING amulet of reflection (300 gold, have
                  | 133).
  2448 | D:4      | 2448 ||| SHOPLISTING ring of ice (250 gold, have 133).
  2448 | D:4      | 2448 ||| SHOPLISTING ring of protection from fire (250
                  | gold, have 133).
  2553 | D:4      | Found a hazy altar of Hepliaklqana.
  2566 | D:4      | 2566 ||| INVOKING Fiery Armour.
  2570 | D:4      | Reached skill level 3 in Fighting
  2721 | D:4      | Reached skill level 9 in Unarmed Combat
  2784 | D:4      | Reached skill level 1 in Dodging
  2803 | D:4      | Found the +7 Singing Sword {vorpal, sonic wave}
  2809 | D:4      | Reached XP level 8. HP: 75/75 MP: 8/8
  2873 | D:4      | Found a bloodstained altar of Trog.
  2987 | D:4      | 2987 ||| Stepping ~*~*~tactically~*~*~ (stealth).
  2991 | D:4      | 2991 ||| Stepping ~*~*~tactically~*~*~ (outnumbered).
  2992 | D:4      | 2992 ||| Stepping ~*~*~tactically~*~*~ (outnumbered).
  2993 | D:4      | 2993 ||| Stepping ~*~*~tactically~*~*~ (outnumbered).
  3090 | D:4      | 3090 ||| READING scroll labelled QUJUTE ARRE.
  3091 | D:4      | 3091 ||| READING scroll labelled XISAONK ICOPLI.
  3092 | D:4      | 3092 ||| READING 2 scrolls of identify.
  3092 | D:4      | 3092 ||| IDENTIFYING ruby potion
  3179 | D:4      | 3179 ||| READING 2 scrolls of teleportation.
  3180 | D:4      | 3180 ||| STAIRDANCE
  3230 | D:5      | Entered Level 5 of the Dungeon
  3258 | D:5      | 3258 ||| Stepping ~*~*~tactically~*~*~ (hiding).
  3262 | D:5      | 3262 ||| Stepping ~*~*~tactically~*~*~ (hiding).
  3268 | D:5      | 3268 ||| Stepping ~*~*~tactically~*~*~ (outnumbered).
  3275 | D:5      | Reached skill level 10 in Unarmed Combat
  3301 | D:5      | 3301 ||| Stepping ~*~*~tactically~*~*~ (stealth).
  3348 | D:5      | Found a broken altar of Ashenzari.
  3356 | D:5      | Found an iron altar of Okawaru.
  3442 | D:5      | Found Vykel's Assorted Antiques.
  3452 | D:5      | Reached skill level 1 in Throwing
  3460 | D:5      | 3460 ||| BUYING scroll labelled GUAFOC SALATZ (34 gold).
  3460 | D:5      | Bought a scroll labelled GUAFOC SALATZ for 34 gold pieces
  3460 | D:5      | 3460 ||| BUYING scroll labelled HEPYTE WUURGHEPOUHU (34
                  | gold).
  3460 | D:5      | Bought a scroll labelled HEPYTE WUURGHEPOUHU for 34 gold
                  | pieces
  3460 | D:5      | 3460 ||| BUYING scroll of identify (68 gold).
  3460 | D:5      | Bought a scroll of identify for 68 gold pieces
  3630 | D:5      | 3630 ||| Stepping ~*~*~tactically~*~*~ (stealth).
  3632 | D:5      | 3632 ||| Stepping ~*~*~tactically~*~*~ (hiding).
  3634 | D:5      | 3634 ||| INVOKING Fiery Armour.
  3638 | D:5      | Reached skill level 3 in Throwing
  3650 | D:5      | 3650 ||| Stepping ~*~*~tactically~*~*~ (outnumbered).
  3651 | D:5      | 3651 ||| Stepping ~*~*~tactically~*~*~ (outnumbered).
  3652 | D:5      | 3652 ||| Stepping ~*~*~tactically~*~*~ (outnumbered).
  3653 | D:5      | 3653 ||| Stepping ~*~*~tactically~*~*~ (outnumbered).
  3934 | D:5      | 3934 ||| Stepping ~*~*~tactically~*~*~ (hiding).
  4182 | D:5      | 4182 ||| UPGRADING to +2 robe of cold resistance.
  4192 | D:5      | 4192 ||| DROPPING +0 robe.
  4193 | D:5      | 4193 ||| UPGRADING to amulet of the acrobat.
  4198 | D:5      | 4198 ||| DROPPING ring of wizardry.
  4199 | D:5      | 4199 ||| READING scroll labelled ATSIOQ WA JOFU.
  4200 | D:5      | 4200 ||| READING scroll labelled GUAFOC SALATZ.
  4201 | D:5      | 4201 ||| READING scroll labelled HEPYTE WUURGHEPOUHU.
  4302 | D:5      | 4302 ||| DRINKING 3 grey potions.
  4303 | D:5      | 4303 ||| DRINKING 2 amethyst potions.
  4304 | D:5      | 4304 ||| READING 6 scrolls of identify.
  4304 | D:5      | 4304 ||| IDENTIFYING green potion
  4305 | D:5      | 4305 ||| READING 5 scrolls of identify.
  4305 | D:5      | 4305 ||| IDENTIFYING brown potion
  4306 | D:5      | 4306 ||| READING 4 scrolls of identify.
  4306 | D:5      | 4306 ||| IDENTIFYING fizzy grey potion
  4307 | D:5      | 4307 ||| READING 3 scrolls of identify.
  4307 | D:5      | 4307 ||| IDENTIFYING fizzy orange potion
  4308 | D:5      | 4308 ||| DROPPING potion of degeneration.
  4309 | D:5      | 4309 ||| DROPPING potion of lignification.
  4320 | D:4      | 4320 ||| READING scroll of teleportation.
  4559 | D:6      | 4559 ||| Stepping ~*~*~tactically~*~*~ (hiding).
  4569 | D:6      | Reached XP level 9. HP: 74/84 MP: 9/9
  4687 | D:6      | Reached skill level 11 in Unarmed Combat
  4791 | D:6      | Found an ornate altar of the Wu Jian Council.
  4957 | D:6      | Noticed Maggie
  4958 | D:6      | 4958 ||| Stepping ~*~*~tactically~*~*~ (hiding).
  4973 | D:6      | Killed Maggie
  4974 | D:6      | Reached skill level 12 in Unarmed Combat
  5161 | D:6      | 5161 ||| UPGRADING to +0 swamp dragon scales.
  5171 | D:6      | 5171 ||| DROPPING +2 robe of cold resistance.
  5172 | D:6      | 5172 ||| READING scroll labelled KAMELOA XUZOCH.
  5173 | D:6      | 5173 ||| READING scroll labelled ARIUGU SETHENA.
  5174 | D:6      | 5174 ||| READING 3 scrolls of identify.
  5174 | D:6      | 5174 ||| IDENTIFYING bubbling yellow potion
  5175 | D:6      | 5175 ||| DROPPING potion of berserk rage.
  5227 | D:7      | Found Xihi's Tremendous Tomes.
  5281 | D:7      | 5281 ||| Stepping ~*~*~tactically~*~*~ (outnumbered).
  5289 | D:7      | Reached skill level 1 in Armour
  5343 | D:7      | 5343 ||| Stepping ~*~*~tactically~*~*~ (hiding).
  5350 | D:7      | 5350 ||| Stepping ~*~*~tactically~*~*~ (hiding).
  5405 | D:7      | 5405 ||| Stepping ~*~*~tactically~*~*~ (stealth).
  5413 | D:7      | Reached XP level 10. HP: 96/96 MP: 10/10
  5595 | D:7      | 5595 ||| Stepping ~*~*~tactically~*~*~ (stealth).
  5692 | D:7      | 5692 ||| Stepping ~*~*~tactically~*~*~ (hiding).
  5781 | D:7      | 5781 ||| Stepping ~*~*~tactically~*~*~ (stealth).
  5782 | D:7      | 5782 ||| Stepping ~*~*~tactically~*~*~ (stealth).
  5783 | D:7      | 5783 ||| Stepping ~*~*~tactically~*~*~ (stealth).
  5888 | D:7      | Found a runed translucent door.
  5889 | D:7      | Found a burning altar of Makhleb.
  5889 | D:7      | Noticed a sixfirhy
  5948 | D:7      | Reached skill level 13 in Unarmed Combat
  6056 | D:7      | 6056 ||| Stepping ~*~*~tactically~*~*~ (stealth).
  6130 | D:7      | 6130 ||| READING 2 scrolls labelled QOQYSS MOSM.
  6131 | D:7      | 6131 ||| DRINKING 2 metallic sapphire potions.
  6132 | D:7      | 6132 ||| DROPPING potion of brilliance.
  6133 | D:7      | 6133 ||| DROPPING scroll of summoning.
  6145 | D:8      | 6145 ||| Stepping ~*~*~tactically~*~*~ (outnumbered).
  6146 | D:8      | 6146 ||| Stepping ~*~*~tactically~*~*~ (outnumbered).
  6147 | D:8      | 6147 ||| Stepping ~*~*~tactically~*~*~ (outnumbered).
  6148 | D:8      | 6148 ||| Stepping ~*~*~tactically~*~*~ (outnumbered).
  6160 | D:8      | 6160 ||| INVOKING Fiery Armour.
  6227 | D:8      | Noticed a two-headed ogre
  6229 | D:8      | Noticed Psyche
  6233 | D:8      | 6233 ||| Stepping ~*~*~tactically~*~*~ (stealth).
  6234 | D:8      | 6234 ||| FLEEEEING.
  6235 | D:8      | 6235 ||| FLEEEEING.
  6236 | D:8      | 6236 ||| FLEEEEING.
  6237 | D:8      | 6237 ||| STAIRDANCE
  6250 | D:8      | 6250 ||| STAIRDANCE
  6252 | D:7      | Killed a two-headed ogre
  6253 | D:7      | Reached skill level 14 in Unarmed Combat
  6255 | D:7      | HP: 20/96 [hornet (9)]
  6256 | D:7      | 6256 ||| DRINKING 3 potions of heal wounds.
  6260 | D:7      | Reached skill level 3 in Armour
  6262 | D:7      | Killed Psyche
  6339 | D:8      | 6339 ||| Stepping ~*~*~tactically~*~*~ (stealth).
  6340 | D:8      | 6340 ||| Stepping ~*~*~tactically~*~*~ (stealth).
  6342 | D:8      | 6342 ||| Stepping ~*~*~tactically~*~*~ (stealth).
  6350 | D:8      | 6350 ||| Stepping ~*~*~tactically~*~*~ (stealth).
  6351 | D:8      | 6351 ||| Stepping ~*~*~tactically~*~*~ (stealth).
  6356 | D:8      | 6356 ||| Stepping ~*~*~tactically~*~*~ (stealth).
  6357 | D:8      | 6357 ||| Stepping ~*~*~tactically~*~*~ (stealth).
  6373 | D:8      | 6373 ||| Stepping ~*~*~tactically~*~*~ (stealth).
  6376 | D:8      | 6376 ||| Stepping ~*~*~tactically~*~*~ (stealth).
  6386 | D:8      | Reached skill level 6 in Fighting
  6396 | D:8      | 6396 ||| Stepping ~*~*~tactically~*~*~ (stealth).
  6400 | D:8      | 6400 ||| Stepping ~*~*~tactically~*~*~ (stealth).
  6401 | D:8      | 6401 ||| Stepping ~*~*~tactically~*~*~ (stealth).
  6402 | D:8      | 6402 ||| Stepping ~*~*~tactically~*~*~ (stealth).
  6412 | D:8      | 6412 ||| Stepping ~*~*~tactically~*~*~ (stealth).
  6447 | D:8      | Found a staircase to the Lair.
  6649 | D:8      | Found a basalt altar of Yredelemnul.
  6724 | D:8      | 6724 ||| PLANNING LAIR
  6724 | D:8      | 6724 ||| UPGRADING to ring of positive energy.
  6725 | D:8      | 6725 ||| READING 6 scrolls of identify.
  6725 | D:8      | 6725 ||| IDENTIFYING glowing amethyst potion
  6726 | D:8      | 6726 ||| READING 5 scrolls of identify.
  6726 | D:8      | 6726 ||| IDENTIFYING dark potion
  6727 | D:8      | 6727 ||| DROPPING potion of flight.
  6758 | Lair:1   | Entered Level 1 of the Lair of Beasts
  6826 | Lair:1   | 6826 ||| INVOKING Fiery Armour.
  6828 | Lair:1   | Reached XP level 11. HP: 105/105 MP: 11/11
  7053 | Lair:1   | Noticed Amaemon
  7054 | Lair:1   | 7054 ||| Stepping ~*~*~tactically~*~*~ (hiding).
  7067 | Lair:1   | 7067 ||| Stepping ~*~*~tactically~*~*~ (outnumbered).
  7070 | Lair:1   | 7070 ||| INVOKING Fiery Armour.
  7072 | Lair:1   | Killed Amaemon
  7076 | Lair:1   | HP: 26/105 [poisoned by Amaemon]
  7185 | Lair:1   | 7185 ||| Stepping ~*~*~tactically~*~*~ (stealth).
  7186 | Lair:1   | 7186 ||| Stepping ~*~*~tactically~*~*~ (stealth).
  7188 | Lair:1   | 7188 ||| Stepping ~*~*~tactically~*~*~ (stealth).
  7194 | Lair:1   | 7194 ||| Stepping ~*~*~tactically~*~*~ (outnumbered).
  7195 | Lair:1   | 7195 ||| INVOKING Fiery Armour.
  7196 | Lair:1   | 7196 ||| Stepping ~*~*~tactically~*~*~ (outnumbered).
  7197 | Lair:1   | 7197 ||| Stepping ~*~*~tactically~*~*~ (outnumbered).
  7207 | Lair:1   | Reached skill level 15 in Unarmed Combat
  7349 | Lair:1   | 7349 ||| Stepping ~*~*~tactically~*~*~ (outnumbered).
  7350 | Lair:1   | 7350 ||| Stepping ~*~*~tactically~*~*~ (outnumbered).
  7351 | Lair:1   | 7351 ||| Stepping ~*~*~tactically~*~*~ (outnumbered).
  7352 | Lair:1   | 7352 ||| Stepping ~*~*~tactically~*~*~ (outnumbered).
  7353 | Lair:1   | 7353 ||| Stepping ~*~*~tactically~*~*~ (outnumbered).
  7354 | Lair:1   | 7354 ||| Stepping ~*~*~tactically~*~*~ (outnumbered).
  7355 | Lair:1   | 7355 ||| Stepping ~*~*~tactically~*~*~ (outnumbered).
  7356 | Lair:1   | 7356 ||| Stepping ~*~*~tactically~*~*~ (outnumbered).
  7357 | Lair:1   | 7357 ||| Stepping ~*~*~tactically~*~*~ (outnumbered).
  7358 | Lair:1   | 7358 ||| Stepping ~*~*~tactically~*~*~ (outnumbered).
  7359 | Lair:1   | 7359 ||| Stepping ~*~*~tactically~*~*~ (outnumbered).
  7360 | Lair:1   | 7360 ||| Stepping ~*~*~tactically~*~*~ (outnumbered).
  7361 | Lair:1   | 7361 ||| Stepping ~*~*~tactically~*~*~ (outnumbered).
  7362 | Lair:1   | 7362 ||| Stepping ~*~*~tactically~*~*~ (outnumbered).
  7363 | Lair:1   | 7363 ||| Stepping ~*~*~tactically~*~*~ (outnumbered).
  7364 | Lair:1   | 7364 ||| Stepping ~*~*~tactically~*~*~ (outnumbered).
  7562 | Lair:1   | 7562 ||| Stepping ~*~*~tactically~*~*~ (stealth).
  7587 | Lair:1   | Noticed Grum
  7588 | Lair:1   | 7588 ||| Stepping ~*~*~tactically~*~*~ (hiding).
  7589 | Lair:1   | 7589 ||| Stepping ~*~*~tactically~*~*~ (hiding).
  7595 | Lair:1   | 7595 ||| INVOKING Fiery Armour.
  7605 | Lair:1   | Killed Grum
  7773 | Lair:1   | Noticed an eight-headed hydra
  7774 | Lair:1   | 7774 ||| INVOKING Fiery Armour.
  7778 | Lair:1   | Killed a ten-headed hydra
  8025 | Lair:2   | Reached skill level 16 in Unarmed Combat
  8149 | Lair:2   | Noticed a six-headed hydra
  8150 | Lair:2   | 8150 ||| INVOKING Fiery Armour.
  8156 | Lair:2   | Killed a seven-headed hydra
  8190 | Lair:2   | 8190 ||| Stepping ~*~*~tactically~*~*~ (stealth).
  8191 | Lair:2   | 8191 ||| Stepping ~*~*~tactically~*~*~ (stealth).
  8193 | Lair:2   | Found a hole to the Spider Nest.
  8206 | Lair:2   | 8206 ||| Stepping ~*~*~tactically~*~*~ (stealth).
  8207 | Lair:2   | HP: 26/109 [poisoned by a redback]
  8208 | Lair:2   | 8208 ||| DRINKING 3 potions of heal wounds.
  8622 | Lair:2   | Noticed a four-headed hydra
  8623 | Lair:2   | 8623 ||| INVOKING Fiery Armour.
  8628 | Lair:2   | Killed a six-headed hydra
  8629 | Lair:2   | Reached XP level 12. HP: 105/118 MP: 12/12
  8885 | Lair:3   | 8885 ||| PLANNING GAUNTLET
  8888 | Lair:3   | 8888 ||| INVOKING Fiery Armour.
  8911 | Lair:3   | HP: 29/118 [tyrant leech (21)]
  8912 | Lair:3   | 8912 ||| DRINKING 2 potions of heal wounds.
  9239 | Lair:3   | 9239 ||| Stepping ~*~*~tactically~*~*~ (stealth).
  9240 | Lair:3   | 9240 ||| Stepping ~*~*~tactically~*~*~ (stealth).
  9242 | Lair:3   | 9242 ||| Stepping ~*~*~tactically~*~*~ (stealth).
  9246 | Lair:3   | 9246 ||| Stepping ~*~*~tactically~*~*~ (outnumbered).
  9247 | Lair:3   | 9247 ||| Stepping ~*~*~tactically~*~*~ (outnumbered).
  9257 | Lair:3   | Reached skill level 17 in Unarmed Combat
  9304 | Lair:3   | 9304 ||| RIP GAUNTLET
  9310 | Lair:3   | 9310 ||| PLANNING CONVERSION TO OKAWARU
  9468 | D:5      | Fell from the grace of Ignis
  9468 | D:5      | Became a worshipper of Warmaster Okawaru
  9469 | D:5      | 9469 ||| PLANNING LAIR
  9672 | Lair:3   | 9672 ||| Stepping ~*~*~tactically~*~*~ (stealth).
  9673 | Lair:3   | 9673 ||| Stepping ~*~*~tactically~*~*~ (stealth).
  9843 | Lair:3   | Noticed Fannar
  9844 | Lair:3   | 9844 ||| Stepping ~*~*~tactically~*~*~ (stealth).
  9856 | Lair:3   | Noticed a four-headed hydra
  9864 | Lair:3   | Killed a seven-headed hydra
  9864 | Lair:3   | Reached * piety under Okawaru
 10020 | Lair:3   | 10020 ||| Stepping ~*~*~tactically~*~*~ (hiding).
 10021 | Lair:3   | 10021 ||| Stepping ~*~*~tactically~*~*~ (hiding).
 10039 | Lair:3   | 10039 ||| INVOKING Heroism.
 10040 | Lair:3   | Killed Fannar
 10041 | Lair:3   | Reached skill level 6 in Throwing
 10041 | Lair:3   | Reached skill level 1 in Invocations
 10053 | Lair:3   | Noticed a five-headed hydra
 10054 | Lair:3   | 10054 ||| Stepping ~*~*~tactically~*~*~ (stealth).
 10056 | Lair:3   | 10056 ||| Stepping ~*~*~tactically~*~*~ (stealth).
 10062 | Lair:3   | 10062 ||| Stepping ~*~*~tactically~*~*~ (stealth).
 10106 | Lair:3   | 10106 ||| INVOKING Heroism.
 10113 | Lair:3   | Killed an eight-headed hydra
 10115 | Lair:3   | 10115 ||| Stepping ~*~*~tactically~*~*~ (stealth).
 10117 | Lair:3   | 10117 ||| Stepping ~*~*~tactically~*~*~ (stealth).
 10118 | Lair:3   | 10118 ||| INVOKING Heroism.
 10184 | Lair:3   | Found a staircase to the Swamp.
 10264 | Lair:3   | Noticed a six-headed hydra
 10265 | Lair:3   | 10265 ||| INVOKING Heroism.
 10273 | Lair:3   | Killed a nine-headed hydra
 10342 | Lair:3   | 10342 ||| READING scroll labelled IBOURR ME YSO.
 10565 | Lair:4   | Noticed a catoblepas
 10566 | Lair:4   | 10566 ||| Stepping ~*~*~tactically~*~*~ (cloud).
 10568 | Lair:4   | 10568 ||| INVOKING Heroism.
 10570 | Lair:4   | 10570 ||| Stepping ~*~*~tactically~*~*~ (cloud).
 10575 | Lair:4   | Killed a catoblepas
 10575 | Lair:4   | Reached ** piety under Okawaru
 10576 | Lair:4   | Reached skill level 3 in Invocations
 10576 | Lair:4   | 10576 ||| Stepping ~*~*~tactically~*~*~ (cloud).
 10617 | Lair:4   | 10617 ||| FLEEEEING.
 10618 | Lair:4   | 10618 ||| FLEEEEING.
 10658 | Lair:4   | 10658 ||| INVOKING Heroism.
 10715 | Lair:4   | 10715 ||| INVOKING Heroism.
 10754 | Lair:4   | Found a radiant altar of Vehumet.
 10759 | Lair:4   | 10759 ||| INVOKING Heroism.
 11036 | Lair:4   | 11036 ||| Stepping ~*~*~tactically~*~*~ (hiding).
 11183 | Lair:4   | 11183 ||| Stepping ~*~*~tactically~*~*~ (stealth).
 11187 | Lair:4   | 11187 ||| INVOKING Heroism.
 11194 | Lair:4   | Reached skill level 18 in Unarmed Combat
 11195 | Lair:4   | 11195 ||| Stepping ~*~*~tactically~*~*~ (outnumbered).
 11196 | Lair:4   | 11196 ||| Stepping ~*~*~tactically~*~*~ (outnumbered).
 11197 | Lair:4   | 11197 ||| Stepping ~*~*~tactically~*~*~ (outnumbered).
 11283 | Lair:4   | Reached *** piety under Okawaru
 11289 | Lair:4   | Reached XP level 13. HP: 127/127 MP: 15/15
 11322 | Lair:4   | 11322 ||| Stepping ~*~*~tactically~*~*~ (stealth).
 11325 | Lair:4   | 11325 ||| INVOKING Heroism.
 11331 | Lair:4   | 11331 ||| Stepping ~*~*~tactically~*~*~ (outnumbered).
 11603 | Lair:5   | Entered Level 5 of the Lair of Beasts
 11604 | Lair:5   | 11604 ||| STAIRDANCE
 11606 | Lair:4   | 11606 ||| Stepping ~*~*~tactically~*~*~ (outnumbered).
 11607 | Lair:4   | 11607 ||| Stepping ~*~*~tactically~*~*~ (outnumbered).
 11608 | Lair:4   | 11608 ||| Stepping ~*~*~tactically~*~*~ (outnumbered).
 11609 | Lair:4   | 11609 ||| Stepping ~*~*~tactically~*~*~ (outnumbered).
 11627 | Lair:5   | 11627 ||| STAIRDANCE
 11629 | Lair:4   | 11629 ||| Stepping ~*~*~tactically~*~*~ (outnumbered).
 11630 | Lair:4   | 11630 ||| Stepping ~*~*~tactically~*~*~ (outnumbered).
 11631 | Lair:4   | 11631 ||| Stepping ~*~*~tactically~*~*~ (outnumbered).
 11632 | Lair:4   | 11632 ||| Stepping ~*~*~tactically~*~*~ (outnumbered).
 11642 | Lair:4   | 11642 ||| INVOKING Heroism.
 11685 | Lair:5   | 11685 ||| STAIRDANCE
 11687 | Lair:4   | 11687 ||| INVOKING Heroism.
 11687 | Lair:4   | HP: 22/124 [hell rat (11)]
 11687 | Lair:4   | HP: 4/122 [four-headed hydra (7)]
 11687 | Lair:4   | Mangled by a four-headed hydra

Levels and vault maps discovered:
D:1:      tarquinn_simple_flora_water_a, layout_loops_ring, serial_shops,
          nicolae_shop_stone, basic_ecumenical_altar
D:2:      layout_basic, serial_shops, nicolae_shop_statue_plus, uniq_natasha
D:3:      layout_loops_ring, portal_sewer_entry_e
D:4:      old_forge, layout_basic, kennysheep_mini_moat,
          trog_three_pillars_becter, minmay_temple_entry_mini_moons,
          serial_shops, nicolae_take_the_stairs, nicolae_diamond_shop,
          lexackson_kobold_supper, uniq_pikel
D:5:      layout_basic, lemuel_doored_altar, okawaru_gym_becter, serial_shops,
          nicolae_shop_statue_plus
D:6:      layout_loops_ring, mainiacjoe_overflow_surrounded_room,
          minmay_fractal_squares_gapless_5, uniq_maggie
D:7:      minmay_general_purpose_star, layout_basic, nzn_makhleb_speed_demon,
          st_stairs_2, nicolae_shop_i_like_big_books
D:8:      layout_rooms, yredelemnul_altar_generic, due_lair_maze_entry_diamond,
          uniq_psyche
Lair:1:   layout_cave_pods, infiniplex_staircase_pool, uniq_grum, uniq_amaemon
Lair:2:   layout_regular_city, spider_nest_entry_a, grunt_megastairs_2
Lair:3:   layout_regular_city, palyth_hydra_swamp_entry, gauntlet_entry_generic,
          grunt_megastairs_1, lemuel_fruit_fields, infiniplex_staircase_pool_2,
          uniq_fannar
Lair:4:   layout_layer_cave, lemuel_oklob_altar, serial_bayou_shore_a
Lair:5:   evil_forest, layout_regular_city, minmay_slime_entry_oklob_enclosed

Skill      XL: |  1  2  3  4  5  6  7  8  9 10 11 12 13 |
---------------+----------------------------------------+-----
Unarmed Combat | 4 6 8 9 10 12 14 16 18 | 18.0
Fighting       | 3 4 5 6 7 8 |  8.0
Dodging        | 1 2 |  2.1
Throwing       | 3 4 5 6 |  6.1
Armour         | 2 3 |  3.9
Invocations    | 4 |  4.0
Spellcasting   | |  1.0
Fire Magic     | |  2.1

Action                   |  1- 3 |  4- 6 |  7- 9 | 10-12 | 13-15 || total
-------------------------+-------+-------+-------+-------+-------++-------
Melee: Unarmed           |    83 |    74 |   247 |   424 |    33 ||   861
       Punch             |     1 |       |    12 |    37 |     3 ||    53
Throw: Javelin           |       |       |    29 |    97 |     4 ||   130
Invok: Fiery Armour      |       |     2 |     2 |     9 |       ||    13
       Heroism           |       |       |       |     9 |     3 ||    12
  Use: Scroll            |     7 |     1 |    15 |     4 |       ||    27
       Potion            |       |       |     2 |     4 |       ||     6
Armor: Robe              |    24 |    30 |    79 |       |       ||   133
       Swamp dragon scal |       |       |     8 |   205 |    23 ||   236
Dodge: Dodged            |    34 |    33 |    82 |   174 |    23 ||   346

Table legend:
 A = Non-vault XP
 B = Vault XP
 C = Vault XP percentage of total XP
 D = Non-vault monster count
 E = Vault monster count
 F = Vault count percentage of total count
                 A         B        C        D         E       F
            +---------+---------+-------+---------+---------+-------
      Total |   28836 |   12338 |  30.0 |     228 |      78 |  25.5
            +---------+---------+-------+---------+---------+-------
        D:1 |      30 |       0 |   0.0 |      18 |       0 |   0.0
        D:2 |      23 |      35 |  60.3 |      12 |       1 |   7.7
        D:3 |     232 |     607 |  72.3 |      26 |       9 |  25.7
        D:4 |     140 |     643 |  82.1 |      11 |      23 |  67.6
        D:5 |     912 |       0 |   0.0 |      27 |       0 |   0.0
        D:6 |    1226 |     480 |  28.1 |      11 |       3 |  21.4
        D:7 |    3256 |     972 |  23.0 |      28 |       7 |  20.0
        D:8 |    1000 |    1315 |  56.8 |      15 |       9 |  37.5
     Lair:1 |    5114 |    1699 |  24.9 |      26 |       6 |  18.8
     Lair:2 |    2997 |    1634 |  35.3 |       6 |       7 |  53.8
     Lair:3 |    4865 |    4433 |  47.7 |      18 |      12 |  40.0
     Lair:4 |    9041 |     520 |   5.4 |      30 |       1 |   3.2
            +---------+---------+-------+---------+---------+-------
